 Dungeon Crawl Stone Soup version 0.19.0-22-gd96e5fe (webtiles) character file.

8075 kctier the Thaumaturge (level 11, -3/82 HPs)
             Began as a Purple Draconian Fire Elementalist on Nov 18, 2016.
             Was an Elder of Vehumet.
             Slain by a swamp worm (10 damage)
             ... on level 9 of the Dungeon.
             The game lasted 00:39:33 (13643 turns).

kctier the Thaumaturge (DrFE)                      Turns: 13643, Time: 00:39:34

Health: -3/82      AC: 11    Str: 10    XL:     11   Next: 5%
Magic:  26/26      EV: 15    Int: 17    God:    Vehumet [****..]
Gold:   635        SH:  0    Dex: 14    Spells: 7 memorised, 10 levels left

rFire  . . .     SeeInvis +     c - +0 halberd
rCold  . . .     Gourm    .     (armour unavailable)
rNeg   . . .     Faith    .     (shield currently unavailable)
rPois  .         Spirit   .     (helmet restricted)
rElec  .         Reflect  .     a - +0 cloak
rCorr  .         Harm     .     t - +2 pair of gloves
MR     +....                    (no boots)
Stlth  +.........               (no amulet)
                                i - ring of see invisible
                                u - ring of wizardry

@: no status effects
A: breathe power, unfitting armour, cold-blooded, AC +7
a: Breathe Dispelling Energy, Renounce Religion


You were on level 9 of the Dungeon.
You worshipped Vehumet.
Vehumet was greatly pleased with you.
You were not hungry.

You visited 1 branch of the dungeon, and saw 9 of its levels.
You also visited: Sewer and Ossuary.

You collected 635 gold pieces.

Inventory:

Hand Weapons
 c - a +0 halberd (weapon)
Armour
 a - a +0 cloak (worn)
 t - a +2 pair of gloves (worn)
Jewellery
 i - a ring of see invisible (right hand)
 u - a ring of wizardry (left hand)
Wands
 w - a wand of paralysis (7/24)
 y - a wand of confusion (31/48)
 D - a wand of teleportation (2/9)
Scrolls
 d - a scroll of remove curse
 e - 2 scrolls of teleportation
 f - 3 scrolls of recharging
 g - 3 scrolls of amnesia
 n - 2 scrolls of fog
 q - 2 scrolls of enchant weapon
 A - 2 scrolls of magic mapping
 B - a scroll of silence
Potions
 h - 5 potions of cancellation
 j - 7 potions of curing
 l - a potion of flight {unknown}
 m - 2 potions of mutation {unknown}
 p - 6 potions of heal wounds
 r - 4 potions of magic {unknown}
 s - a potion of ambrosia {unknown}
 v - 3 potions of cure mutation {unknown}
 x - a potion of agility {unknown}
 z - a potion of lignification {unknown}
Comestibles
 b - 7 bread rations
 k - 4 meat rations
 o - a royal jelly
 C - a slice of pizza
 E - 4 fruits
 F - 6 beef jerkies
 G - a chunk of flesh


   Skills:
 - Level 3.5 Fighting
 + Level 5.5 Dodging
 - Level 1.7 Stealth
 - Level 11.0 Spellcasting
 - Level 9.0 Conjurations
 - Level 9.0 Fire Magic


You had 10 spell levels left.
You knew the following spells:

 Your Spells              Type           Power        Failure   Level  Hunger
a - Flame Tongue          Conj/Fire      #####        1%          1    None
b - Throw Flame           Conj/Fire      #####.       1%          2    None
c - Conjure Flame         Conj/Fire      #####...     1%          3    None
d - Inner Flame           Hex/Fire       ###.....     1%          3    None
e - Sticky Flame          Conj/Fire      #####...     1%          4    ###....
f - Fireball              Conj/Fire      #####.....   1%          5    #####..
g - Throw Icicle          Conj/Ice       ###.....     1%          4    ###....


Dungeon Overview and Level Annotations

Branches:
Dungeon (9/15)             Temple (0/1) D:7
   Lair: D:8-11         Orc: D:9-12

Altars:
Gozag
Nemelex Xobeh
Sif Muna
Trog
Uskayaw
Vehumet
Xom
Yredelemnul
The Shining One

Shops:
D:5 (   D:9 }


Innate Abilities, Weirdness & Mutations

You can breathe bolts of dispelling energy.
Your rich purple scales are hard. (AC +7)
You cannot fit into any form of body armour.
You are cold-blooded and may be slowed by cold attacks.


Message History

HP restored.
A swamp worm bursts forth from the water.
The swamp worm bites you!
A swamp worm bursts forth from the water.
The swamp worm barely misses you.
A swamp worm bursts forth from the water.
There are monsters nearby!
There are monsters nearby!
There are monsters nearby!
There are monsters nearby!
There are monsters nearby!
The swamp worm bites you!! The swamp worm closely misses you.
The swamp worm barely misses you. The swamp worm bites you!
The swamp worm bites you!
* * * LOW HITPOINT WARNING * * *
The swamp worm bites you but does no damage. x2
The swamp worm closely misses you. The swamp worm bites you!
* * * LOW HITPOINT WARNING * * *
The swamp worm bites you!
You die...

#.# #.#.#..#.##...#.......
#.# #.#.#......##.#.......
#.####......#.#.##.#.......
#.##.....##...#.##.##.#####
#####.##.####≈≈≈≈≈≈≈...##..#
#
#.....##.##≈≈≈≈≈≈≈≈≈≈≈####.#
# #.######(#≈≈≈#######≈≈≈#
#.## # #.# #[#≈≈≈#≈w≈≈≈##≈≈#
#..### #.#
####.)≈≈≈≈@w≈≈≈/#≈≈# ##....
#.# #..(.#≈≈P#≈w≈≈≈##≈≈#
#..## #.#
#.##[#≈≈≈#######≈≈≈# #..#.
#.# #.##...≈≈≈≈≈≈≈≈≈≈≈.#
##... #.#
#.####...≈≈≈≈≈≈≈...# #..#
#.# #.# #.<#.(........# #...
#.# #.####)##.#.#.######
#... #.# #...##....#.#.....#
#.#. #)#####.####....#####.#
#...


You could see 3 swamp worms.

Vanquished Creatures
  Pikel (D:4)
  The ghost of Yackwabbit the Shield-Bearer, a novice FoFi (D:6)
  3 slime creatures (D:9)
  Maurice (D:8)
  Psyche (D:8)
  A gargoyle (D:8)
  The ghost of theRoog the Poker, an amateur MiBe of Trog (D:4)
  3 hippogriffs
  Menkaure (D:5)
  2 swamp worms (D:9)
  Purgy (Sewer)
  An eye of draining (D:9)
  2 sky beasts
  2 ice beasts (D:7)
  3 orc warriors (D:7)
  2 phantoms
  A slave (D:4)
  4 ogres
  3 centaurs
  A big kobold (D:8)
  2 bullfrogs
  6 scorpions
  Dowan (D:4)
  8 killer bees
  5 howler monkeys
  7 crimson imps
  3 bullfrog zombies
  A quasit (D:7)
  7 hounds
  2 centaur skeletons (D:8)
  2 human zombies (Ossuary)
  2 gnoll shamans
  An orc priest (D:4)
  A bullfrog skeleton (D:9)
  2 iguanas
  6 orc wizards
  8 worker ants
  2 big kobold zombies (Ossuary)
  A hound skeleton (D:4)
  2 mummies (Ossuary)
  A howler monkey skeleton (D:7)
  2 worker ant zombies
  17 gnolls
  8 adders
  2 shadow imps (D:6)
  An ooze (D:7)
  17 worms
  A dart slug (D:1)
  6 leopard geckos
  25 orcs
  4 ball pythons
  18 bats
  4 giant cockroaches
  8 goblins
  6 hobgoblins
  6 jackals
  11 kobolds
  8 quokkas
  7 frilled lizards
  A goblin zombie (Ossuary)
  9 hobgoblin zombies (Ossuary)
  A jackal skeleton (D:4)
  2 jackal zombies (Ossuary)
  6 kobold zombies (Ossuary)
  A leopard gecko skeleton (D:4)
  2 leopard gecko zombies
  11 orc zombies (Ossuary)
  A quokka skeleton (D:3)
  17 rats
  3 rat zombies (Ossuary)
  2 plants (D:9)
312 creatures vanquished.

Vanquished Creatures (others)
  Duvessa (D:4)
  An ogre (D:4)
  3 gnolls (D:4)
  A dart slug (D:4)
  A quokka (D:9)
  A ball python (D:4)
  A plant (D:9)
9 creatures vanquished.

Grand Total: 321 creatures vanquished

Notes
Turn   | Place    | Note
-------+----------+-------------------------------------------
     0 | D:1      | kctier the Draconian Fire Elementalist began the quest for the Orb.
     0 | D:1      | Reached XP level 1. HP: 14/14 MP: 3/3
   512 | D:1      | Reached XP level 2. HP: 20/20 MP: 3/5
   535 | D:1      | Learned a level 2 spell: Throw Flame
  1069 | D:1      | Reached XP level 3. HP: 6/26 MP: 0/6
  1294 | D:1      | Found a glowing golden altar of the Shining One.
  1797 | D:2      | Reached XP level 4. HP: 31/33 MP: 7/7
  1812 | D:2      | Learned a level 3 spell: Conjure Flame
  2424 | D:3      | Found a glowing drain.
  2441 | D:3      | Reached skill level 3 in Spellcasting
  2454 | D:3      | Reached XP level 5. HP: 15/38 MP: 0/10
  2479 | Sewer    | Entered a sewer
  2648 | Sewer    | Learned a level 3 spell: Inner Flame
  2652 | Sewer    | Noticed Purgy
  2673 | Sewer    | Killed Purgy
  2673 | Sewer    | Reached skill level 4 in Spellcasting
  2868 | Sewer    | Learned a level 4 spell: Sticky Flame
  2889 | D:3      | Reached XP level 6. HP: 45/45 MP: 9/12
  3031 | D:3      | Found a glowing golden altar of the Shining One.
  3039 | D:3      | Found a bloodstained altar of Trog.
  3055 | D:3      | Found a radiant altar of Vehumet.
  3112 | D:3      | Became a worshipper of Vehumet
  3210 | D:3      | Found a shimmering altar of Xom.
  3865 | D:4      | Found a hide-covered altar of Uskayaw.
  4111 | D:4      | Noticed a slave
  4115 | D:4      | Noticed a slave
  4116 | D:4      | Noticed Pikel
  4137 | D:4      | Killed a slave
  4199 | D:4      | Noticed a slave
  4210 | D:4      | Noticed a slave
  4259 | D:4      | Killed Pikel
  4259 | D:4      | Your scales start taking on a rich purple colour.
  4259 | D:4      | Reached skill level 5 in Spellcasting
  4259 | D:4      | Reached XP level 7. HP: 6/50 MP: 0/15
  4598 | D:4      | Noticed Dowan
  4607 | D:4      | Noticed Duvessa
  4618 | D:4      | Killed Dowan
  4779 | D:4      | Killed Duvessa
  4895 | D:4      | Reached skill level 5 in Fire Magic
  5035 | D:4      | Reached XP level 8. HP: 44/57 MP: 4/16
  5164 | D:4      | Reached * piety under Vehumet
  5164 | D:4      | Offered knowledge of Freeze by Vehumet.
  5585 | D:4      | Noticed theRoog's ghost (amateur MiBe)
  5847 | D:3      | Reached skill level 6 in Spellcasting
  5860 | D:3      | Learned a level 5 spell: Fireball
  6032 | D:4      | Killed theRoog's ghost
  6032 | D:4      | Reached skill level 7 in Spellcasting
  6255 | D:5      | Entered Level 5 of the Dungeon
  6496 | D:5      | Found Oxyeshry's Weapon Emporium.
  6542 | D:5      | Noticed Menkaure
  6808 | D:5      | Killed Menkaure
  6993 | D:5      | Reached skill level 1 in Fighting
  7376 | D:5      | Found a sparkling altar of Nemelex Xobeh.
  7499 | D:6      | Found a basalt altar of Yredelemnul.
  7503 | D:6      | Found a sand-covered staircase.
  7518 | Ossuary  | Entered an ossuary
  7593 | Ossuary  | Reached ** piety under Vehumet
  7603 | Ossuary  | Offered knowledge of Sting by Vehumet.
  7645 | Ossuary  | Reached XP level 9. HP: 57/70 MP: 16/19
  7841 | D:6      | Offered knowledge of Ignite Poison by Vehumet.
  7982 | D:6      | Noticed Yackwabbit's ghost (novice FoFi)
  8305 | D:6      | Reached *** piety under Vehumet
  8546 | D:6      | Killed Yackwabbit's ghost
  9214 | D:7      | Found a staircase to the Ecumenical Temple.
  9295 | D:7      | Offered knowledge of Fulminant Prism by Vehumet.
  9574 | D:7      | Found a deep blue altar of Sif Muna.
  9955 | D:7      | Reached XP level 10. HP: 77/77 MP: 14/20
 10357 | D:7      | Reached skill level 8 in Spellcasting
 10650 | D:8      | Noticed a gargoyle
 10658 | D:8      | Killed a gargoyle
 10866 | D:8      | Reached **** piety under Vehumet
 11063 | D:8      | Reached skill level 9 in Spellcasting
 11273 | D:8      | Found an opulent altar of Gozag.
 11336 | D:8      | Offered knowledge of Throw Icicle by Vehumet.
 11418 | D:8      | Learned a level 4 spell: Throw Icicle
 11432 | D:8      | Noticed Maurice
 11435 | D:8      | Killed Maurice
 11447 | D:8      | Noticed Psyche
 11459 | D:8      | Killed Psyche
 11459 | D:8      | Reached skill level 10 in Spellcasting
 12244 | D:9      | Reached skill level 11 in Spellcasting
 12954 | D:9      | Found Enousk's Gadget Shop.
 13012 | D:9      | Reached skill level 5 in Dodging
 13057 | D:9      | Reached XP level 11. HP: 27/82 MP: 7/26
 13643 | D:9      | Slain by a swamp worm

Skill      XL: |  1  2  3  4  5  6  7  8  9 10 |
---------------+-------------------------------+-----
Fire Magic     | 4 5 6 9 |  9.0
Conjurations   | 2 6 7 9 |  9.0
Spellcasting   | 3 4 5 7 11 | 11.0
Dodging        | 3 5 |  5.5
Fighting       | 3 |  3.5
Stealth        | |  1.7

Action                   |  1- 3 |  4- 6 |  7- 9 | 10-12 || total
-------------------------+-------+-------+-------+-------++-------
Melee: Unarmed           |    26 |       |       |       ||    26
       Short sword       |    52 |       |       |       ||    52
       Tailslap          |     9 |     7 |    29 |    18 ||    63
       Hand axe          |    22 |   142 |   110 |       ||   274
       Halberd           |       |       |   200 |   114 ||   314
 Cast: Flame Tongue      |    24 |    51 |    35 |     6 ||   116
       Throw Flame       |    10 |     4 |    17 |    14 ||    45
       Conjure Flame     |       |     3 |     7 |     1 ||    11
       Sticky Flame      |       |     3 |    53 |    56 ||   112
       Fireball          |       |       |     9 |    17 ||    26
       Inner Flame       |       |       |       |     6 ||     6
  Use: Scroll            |     3 |     7 |     7 |     1 ||    18
       Potion            |     1 |     3 |       |       ||     4
 Stab: Sleeping          |     2 |     6 |     2 |     2 ||    12
       Distracted        |       |     1 |     1 |       ||     2
  Eat: Chunk             |     4 |     8 |    17 |    15 ||    44
       Bread ration      |       |     1 |       |     1 ||     2
       Meat ration       |       |       |     2 |       ||     2
       Beef jerky        |       |       |       |     1 ||     1
Armor: Skin              |    45 |    74 |   146 |    78 ||   343
Dodge: Dodged            |    81 |   142 |   266 |   116 ||   605
